 Dungeon Crawl Stone Soup version 0.26-a0-690-gcb57259078 (webtiles) character file.

Game seed: 9440905320010557246

75 sahdkjhfkaj the Chopper (level 4, -1/61 HPs)
             Began as a Hill Orc Berserker on Oct 23, 2020.
             Was a Follower of Trog.
             Slain by an adder (2 damage)
             ... on level 4 of the Dungeon.
             The game lasted 00:01:59 (989 turns).

sahdkjhfkaj the Chopper (Hill Orc Berserker)         Turns: 989, Time: 00:02:00

Health: -1/61      AC:  7    Str: 20    XL:     4   Next: 31%
Magic:  4/4        EV: 10    Int:  7    God:    Trog [*.....]
Gold:   112        SH:  0    Dex: 10    Spells: 3/3 levels left

rFire    . . .     SeeInvis .   a - +0 hand axe
rCold    . . .     Faith    .   (no shield)
rNeg     . . .     Spirit   .   h - +0 scale mail
rPois    .         Reflect  .   (no helmet)
rElec    .         Harm     .   (no cloak)
rCorr    .         Rampage  .   (no gloves)
MR       .....                  d - +0 pair of boots
Stlth    ..........             (no amulet)
HPRegen  0.20/turn              (no ring)
MPRegen  0.09/turn              (no ring)

@: berserking (expiring), lethally poisoned (-1 -> -27), very quick
A: no striking features
a: Berserk, Renounce Religion


You were on level 4 of the Dungeon.
You worshipped Trog.
Trog was aware of your devotion.
You visited 1 branch of the dungeon, and saw 3 of its levels.

You collected 112 gold pieces.

Inventory:

Hand Weapons
 a - a +0 hand axe (weapon)
Missiles
 c - 37 stones (quivered)
Armour
 d - a +0 pair of boots (worn)
 h - a +0 scale mail (worn)
Jewellery
 j - an uncursed ring of ice {unknown}
 k - an uncursed ring of flight {unknown}
Scrolls
 b - a scroll of teleportation
 e - a scroll of enchant armour {unknown}
 i - a scroll of remove curse {unknown}
 n - a scroll of identify
Potions
 f - a potion of flight {!q}
 g - 2 potions of mutation {!q}
 l - a potion of magic {!q, unknown}
 m - a potion of brilliance {!q, unknown}


   Skills:
 + Level 4.3 Fighting
 * Level 5.5 Axes
 + Level 3.0 Armour
 - Level 1.5 Dodging


You had 3 spell levels left.
You didn't know any spells.
Your spell library contained the following spells:

 Spells                   Type           Power        Failure   Level
 Confusing Touch          Hex            #.......     98%         3
 Gell's Gravitas          Tloc           #.........   98%         3
 Petrify                  Tmut/Erth      #.......     100%        4
 Metabolic Englaciation   Hex/Ice        #.........   100%        5
 Yara's Violent Unravell  Hex/Tmut       #.........   100%        5


Dungeon Overview and Level Annotations

Branches:
Dungeon (2/15)

Altars:
Sif Muna


Message History

You miss the adder. You slash the orc!
You kill the orc!
Trog accepts your kill.
* * * LOW HITPOINT WARNING * * *
You feel sick. The adder bites you but does no damage.
Unknown command.
You barely miss the adder. You slash the orc!
You kill the orc!
Trog accepts your kill.
* * * LOW HITPOINT WARNING * * *
You feel sick. The adder bites you.
* * * LOW HITPOINT WARNING * * *
Unknown command.
Unknown command.
You slash the adder!
The adder is severely wounded.
You hit the orc.
* * * LOW HITPOINT WARNING * * *
You feel sick. The orc hits you but does no damage. The adder bites you.
You die...

### #..
#.# #.#
#.# #.#
#.# #.#
#@#
#oSh..#
#...#....
#....# ..
.....#
......
..8...#
.......#


You could see a hound, an adder and an orc.

Vanquished Creatures
  An orc wizard (D:4)
  An adder (D:4)
  2 dart slugs
  5 orcs (D:4)
  A giant cockroach (D:1)
  4 goblins
  A quokka (D:4)
  A ball python (D:1)
  6 bats
  2 frilled lizards
  6 kobolds
  4 rats
34 creatures vanquished.

Notes
Turn   | Place    | Note
-------+----------+-------------------------------------------
     0 | D:1      | sahdkjhfkaj the Hill Orc Berserker began the quest for the
                  | Orb.
     0 | D:1      | Reached XP level 1. HP: 19/19 MP: 1/1
   300 | D:1      | Reached XP level 2. HP: 27/27 MP: 2/2
   821 | D:2      | Reached XP level 3. HP: 33/33 MP: 3/3
   900 | D:2      | Found a shimmering blue altar of Sif Muna.
   958 | D:2      | You fall into a shaft and drop 2 floors!
   974 | D:4      | Reached skill level 5 in Axes
   983 | D:4      | Reached XP level 4. HP: 21/41 MP: 4/4
   988 | D:4      | HP: 3/61 [adder (1)]
   989 | D:4      | HP: 1/61 [poisoned by an orc wizard]
   989 | D:4      | Slain by an adder

Illustrated notes

Levels and vault maps discovered:
D:1:      wander_arrival_lonely_grave, layout_rooms, minmay_misc_feat_columns
D:2:      layout_loops_ring, old_standard_altar, minmay_tromino_v7
D:4:      layout_loops_ring, minmay_manual_moon

Skill      XL: |  1  2  3 |
---------------+----------+-----
Fighting       | 4 |  4.3
Axes           | 5 |  5.5
Armour         | 3 |  3.0
Dodging        | |  1.5

Action                   |  1- 3 |  4- 6 || total
-------------------------+-------+-------++-------
Melee: Hand axe          |   106 |     6 ||   112
Throw: Stone             |    22 |       ||    22
Invok: Berserk           |     2 |       ||     2
  Use: Scroll            |     3 |       ||     3
Armor: Ring mail         |     8 |       ||     8
       Animal skin       |     1 |       ||     1
       Scale mail        |    63 |     3 ||    66
Dodge: Dodged            |    65 |     1 ||    66

Table legend: (Time is in decaauts)
 A = Elapsed time spent in this place.
 B = Non-inter-level travel time spent in this place.
 C = Inter-level travel time spent in this place.
 D = Time resting spent in this place.
 E = Time spent auto-exploring this place.
 F = Levels seen in this place.
 G = Mean time per level.
                   A        B        C        D        E       F      G
               +--------+--------+--------+--------+--------+-----+--------+
         Total |   1002 |    909 |     93 |     29 |    591 |   3 |  334.0 |
       Dungeon |   1002 |    909 |     93 |     29 |    591 |   3 |  334.0 |
               +--------+--------+--------+--------+--------+-----+--------+

Top non-repeatable levels by time:
     D:1: 786 daAuts
     D:2: 189 daAuts
     D:4: 26 daAuts
